 Dungeon Crawl Stone Soup version 0.17-a0-1945-gfe993df (webtiles) character file.

72 Kuldar the Ducker (level 4, -1/27 HPs)
             Began as a Deep Elf Berserker on Oct 1, 2015.
             Was a Believer of Trog.
             Slain by an orc
             ... wielding a +0 club
              (4 damage)
             ... on level 3 of the Dungeon.
             The game lasted 00:05:12 (2039 turns).

Kuldar the Ducker (Deep Elf Berserker)              Turns: 2039, Time: 00:05:12

Health: -1/27      AC:  2    Str: 14    XL:     4   Next: 7%
Magic:  6/6        EV: 13    Int: 13    God:    Trog [**....]
Gold:   84         SH:  0    Dex: 14    Spells: 0 memorised, 3 levels left

rFire  . . .     SeeInvis .     a - +0 falchion
rCold  . . .     Clarity  .     b - +0 animal skin
rNeg   . . .     SustAt   .     (no shield)
rPois  .         Gourm    .     (no helmet)
rElec  .         Spirit   .     (no cloak)
rCorr  .         Warding  .     (no gloves)
rMut   .         Stasis   .     (no boots)
MR     .....                    (no amulet)
Stlth  +.........               (no ring)
                                (no ring)

@: exhausted, slowed, very slow, not resistant to hostile enchantments, very
unstealthy
A: no striking features
a: Burn Spellbooks, Berserk, Trog's Hand, Renounce Religion


You were on level 3 of the Dungeon.
You worshipped Trog.
Trog was pleased with you.
You were hungry.

You visited 1 branch of the dungeon, and saw 3 of its levels.

You collected 84 gold pieces.

Inventory:

Hand weapons
 a - a +0 falchion (weapon)
Missiles
 h - 3 javelins (quivered)
Armour
 b - a +0 animal skin (worn)
Magical devices
 j - a wand of digging (11)
Scrolls
 d - 5 scrolls of identify {unknown}
 i - a scroll of remove curse {unknown}
 o - a scroll of fear {unknown}
Potions
 e - a potion of cancellation {unknown}
 f - 4 potions of degeneration {unknown}
 g - 3 potions of curing
 l - a potion of heal wounds {unknown}
Books
 m - a book of Flames

   Spells                             Type                      Level
   a - Flame Tongue                   Conjuration/Fire             1
   b - Throw Flame                    Conjuration/Fire             2
   c - Conjure Flame                  Conjuration/Fire             3
   d - Inner Flame                    Hexes/Fire                   3
   e - Sticky Flame                   Conjuration/Fire             4
   f - Fireball                       Conjuration/Fire             5
   Trog disapproves of the use of such an item.
Comestibles
 c - 3 bread rations
 k - 2 chunks of flesh
 n - a beef jerky


   Skills:
 * Level 2.8 Fighting
 * Level 3.1 Long Blades
 * Level 2.5 Armour
 * Level 3.2 Dodging


You had 3 spell levels left.
You didn't know any spells.

Dungeon Overview and Level Annotations

Branches:
Dungeon (3/15)

Altars:
Makhleb
Zin


Message History

The orc completely misses you. The orc closely misses you.
You closely miss the orc.
The orc is moderately wounded.
The orc closely misses you.
You barely miss the orc.
The orc is moderately wounded.
The orc hits you with a club.
You completely miss the orc.
The orc is moderately wounded.
The orc closely misses you. x2
You closely miss the orc.
The orc is moderately wounded.
The orc closely misses you.
The orc priest calls down the wrath of Beogh upon you.
Something smites you!
* * * LOW HITPOINT WARNING * * *
You closely miss the orc.
The orc is moderately wounded.
The orc hits you with a club.
You die...

.....#.....................####
##..#.....#####......#....#...
#.....# ##....##........
#...#o.##### ####.#.........
... ##.o...# #.#......... .
#####.# #.#.....(... #.###
###...........
#...#####...###.......
###oo@.##........#..##
####.........###.## ##........#
#.# ..........# #
........(.)... ##.##........###
#. #........# # #........#
.......(..


You could see an orc priest and an orc.

Vanquished Creatures
  3 adders (D:2)
  An ooze (D:1)
  3 worms
  A ball python (D:2)
  3 giant cockroaches
  2 goblins
  8 hobgoblins
  3 jackals (D:2)
  3 kobolds
  6 bats
  A giant newt (D:1)
  3 rats
37 creatures vanquished.

Notes
Turn   | Place    | Note
--------------------------------------------------------------
     0 | D:1      | Kuldar the Deep Elf Berserker began the quest for the Orb.
     0 | D:1      | Reached XP level 1. HP: 13/13 MP: 3/3
   680 | D:1      | Reached XP level 2. HP: 13/18 MP: 4/4
  1250 | D:2      | Found a burning altar of Makhleb.
  1258 | D:2      | Found a glowing silver altar of Zin.
  1258 | D:2      | Noticed a balrug
  1258 | D:2      | Noticed an angel
  1282 | D:2      | Reached skill level 3 in Long Blades
  1396 | D:2      | Reached XP level 3. HP: 19/22 MP: 5/5
  1714 | D:2      | Acquired Trog's second power
  1941 | D:3      | Reached XP level 4. HP: 20/27 MP: 6/6
  2039 | D:3      | Slain by an orc

Vault maps used:
D:1:      scummos_arrival_hexagon, serial_bayou_lake_a
D:2:      grunt_temple_overflow_order_and_chaos_2
D:3:      trog_eyes_of_draining

Action                   |  1- 3 |  4- 6 || total
-------------------------+-------+-------++-------
Melee: Falchion          |   128 |    18 ||   146
Throw: Javelin           |     1 |       ||     1
Invok: Berserk           |     1 |     1 ||     2
       Trog's Hand       |     1 |       ||     1
  Use: Potion            |       |     1 ||     1
 Stab: Sleeping          |     1 |       ||     1
  Eat: Chunk             |     1 |       ||     1
       Bread ration      |     1 |       ||     1
